 Dungeon Crawl Stone Soup version 0.30-a0-852-g08b95dd62f (webtiles) character file.

Game seed: 2236589513581591503

147040 enile the Tortoise (level 16, -12/222 HPs)
             Began as an Armataur Fighter on Mar 4, 2023.
             Was an Elder of Cheibriados.
             Mangled by a demonic crawler (16 damage)
             ... on level 1 of the Spider Nest.
             The game lasted 01:11:53 (25320 turns).

enile the Tortoise (Armataur Fighter)              Turns: 25320, Time: 01:11:53

Health: -12/222    AC: 22    Str: 36    XL:     16   Next: 91%
Magic:  9/25       EV:  9    Int: 24    God:    Cheibriados [****..]
Gold:   1982       SH: 22    Dex: 30    Spells: 19/23 levels left

rFire   + + .      SeeInvis .    d - +6 whip of Jeryblie {flame, rCorr}
rCold   + + .      Faith    .    b - +2 tower shield {AC+3}
rNeg    + + +      Spirit   .    S - +0 gold dragon scales
rPois   +          Reflect  .    (no helmet)
rElec   +          Roll     +    J - scarf {harm}
rCorr   +          Harm     + .  l - +0 pair of gloves "Ruch" {rPois rN+++ Will- Str+4}
Will    .....                    (no barding) Stlth
                                 D - amulet of regeneration
HPRegen 1.37/turn                o - +6 ring of dexterity
MPRegen 0.19/turn                h - ring "Adghetito" {rElec rF+ rC+ Will- Str+2 Int+3}

@: berserking (expiring), spiked, studying 2 skills, very slow
A: large, rugged brown scales 3, deformed body, armoured tail, roll, long
tongue, awkward tongue, deterioration 1
a: Renounce Religion, Bend Time, Temporal Distortion, Slouch


You were on level 1 of the Spider Nest.
You worshipped Cheibriados.
Cheibriados was greatly pleased with you.
You visited 5 branches of the dungeon, and saw 25 of its levels.
You visited the Abyss 3 times.
You also visited: Sewer.

You collected 2515 gold pieces.
You spent 533 gold pieces at shops.

Inventory:

Hand Weapons
 d - the +6 whip of Jeryblie (weapon) {flame, rCorr}
   (You found it on level 8 of the Dungeon)

   rCorr:     It protects you from acid and corrosion.
 z - a +2 battleaxe of flaming
Missiles
 c - 9 javelins (quivered)
 m - 8 boomerangs
 n - 6 curare-tipped darts
 s - 7 poisoned darts
 U - 2 throwing nets
Armour
 b - a +2 tower shield of protection (worn)
 k - the +1 robe of the Morning {+Inv Dex+2}
   (You found it on level 2 of the Dungeon)

   Dex:       It affects your dexterity (+2).
   +Inv:      It lets you turn invisible.
 l - the +0 pair of gloves "Ruch" (worn) {rPois rN+++ Will- Str+4}
   (You acquired it on level 4 of the Dungeon)

   Str:       It affects your strength (+4).
   rPois:     It protects you from poison.
   rN:        It renders you almost immune to negative energy.
   Will:      It decreases your willpower.
 C - a +2 kite shield
 J - a scarf of harm (worn)
 S - +0 gold dragon scales (worn)
Jewellery
 a - a ring of protection from cold
 f - a ring of willpower
 h - the ring "Adghetito" (right hand) {rElec rF+ rC+ Will- Str+2 Int+3}
   (You acquired it on level 4 of the Dungeon)

   [ring of protection from cold]

   Str:       It affects your strength (+2).
   Int:       It affects your intelligence (+3).
   rF:        It protects you from fire.
   rC:        It protects you from cold.
   rElec:     It insulates you from electricity.
   Will:      It decreases your willpower.
 o - a +6 ring of dexterity (left hand)
 D - an amulet of regeneration (around neck)
 E - a ring of wizardry
 K - a ring of wizardry
 V - a ring of protection from fire
 W - a +5 ring of evasion
 Z - a ring of protection from cold
Wands
 j - a wand of light (8)
 u - a wand of polymorph (17)
 L - a wand of flame (20)
 O - a wand of iceblast (6)
 P - a wand of mindburst (23)
 R - a wand of digging (2)
Scrolls
 q - a scroll of torment
 x - a scroll of fear
 y - 2 scrolls of fog
 A - a scroll of blinking
 B - a scroll of immolation
 M - a scroll of magic mapping
 N - 6 scrolls of identify
 Q - 2 scrolls of enchant armour
 T - 2 scrolls of enchant weapon
 X - 2 scrolls of teleportation
 Y - a scroll of amnesia
Potions
 e - 3 potions of cancellation
 g - 7 potions of attraction
 p - 2 potions of flight
 r - 3 potions of invisibility
 t - a potion of heal wounds
 w - 7 potions of lignification
 F - a potion of mutation
 G - a potion of resistance
 H - 2 potions of brilliance
 I - 3 potions of ambrosia
Miscellaneous
 v - a tin of tremorstones (inert)


   Skills:
 - Level 12.0 Fighting
 - Level 4.0(4.6) Axes
 - Level 4.0(5.0) Maces & Flails
 - Level 13.0 Throwing
 - Level 16.0 Armour
 - Level 8.0 Dodging
 - Level 4.0 Stealth
 + Level 9.0 Shields
 - Level 4.0 Spellcasting
 - Level 5.0 Translocations
 - Level 4.0 Earth Magic
 - Level 12.0 Invocations
 - Level 12.0 Evocations


You had 19 spell levels left.
You knew the following spells:

 Your Spells              Type           Power      Damage    Failure   Level
a - Blink                 Tloc           56%        N/A       63%         2
b - Passwall              Tmut/Erth      11%        N/A       95%         2

Your spell library contained the following spells:

 Spells                   Type           Power      Damage    Failure   Level
 Lesser Beckoning         Tloc           56%        N/A       63%         2
 Gell's Gravitas          Tloc           28%        N/A       85%         3
 Teleport Other           Tloc           28%        N/A       85%         3
 Momentum Strike          Conj/Tloc      32%        3d8       92%         2
 Shock                    Conj/Air       16%        1d4       99%         1
 Slow                     Hex            16%        N/A       99%         1
 Sting                    Tmut/Pois      16%        1d3       99%         1
 Cigotuvi's Dreadful Rot  Necr/Pois/Air  8%         N/A       99%         2
 Poisonous Vapours        Pois/Air       8%         N/A       99%         2
 Wereblood                Tmut           4%         N/A       99%         2
 Inner Flame              Hex/Fire       4%         N/A       100%        3
 Mephitic Cloud           Conj/Pois/Air  4%         N/A       100%        3
 Summon Guardian Golem    Hex/Summ       4%         N/A       100%        3
 Swiftness                Air            4%         N/A       100%        3
 Airstrike                Air            2%         2d(1-17)  100%        4
 Cause Fear               Hex            2%         N/A       100%        4
 Olgreb's Toxic Radiance  Pois           4%         N/A       100%        4
 Orb of Destruction       Conj           2%         9d5       100%        7
 Spellforged Servitor     Conj/Summ      2%         N/A       100%        7
 Discord                  Hex            2%         N/A       100%        8


Dungeon Overview and Level Annotations

Branches:
Dungeon (15/15)            Temple (1/1) D:7            Lair (5/5) D:11
 Shoals (0/4) Lair:2       Spider (2/4) Lair:3        Slime (0/5) Lair:4
    Orc (2/2) D:10            Elf (0/3) Orc:2        Vaults (0/5) D:14
 Depths (0/4) D:15          Sewer (visited)

Altars:
Ashenzari
Cheibriados
Dithmenos
Elyvilon
Fedhas
Gozag
Kikubaaqudgha
Makhleb
Nemelex Xobeh
Okawaru
Qazlal
Ru
Sif Muna
Trog
Uskayaw
Vehumet
Wu Jian
Xom
Yredelemnul
Zin
The Shining One
Jiyva

Shops:
D:4 (   D:5 (*!   Orc:2 *[:(

Annotations:
D:8 2 runed translucent doors
D:13 3 runed translucent doors, Fuilowk's ghost, journeyman MiFi
D:14 1 runed translucent door, exclusion: 4 orange crystal statues
Spider:1 Agnes


Innate Abilities, Weirdness & Mutations

You are completely covered in rugged brown scales. (AC +3, +7% HP)
Armour fits poorly on your strangely shaped body.
You have a long armoured tail.
You roll when moving toward enemies. (Rampage)
Your long tongue fully drains potion bottles. (2x potion effects)
Your tongue gives you trouble enunciating. (1.5x scroll delay)
Your body sometimes deteriorates upon taking damage.


Message History

You block the steelbarb worm's attack. You block the demonic crawler's attack.
The demonic crawler hits you.
* * * LOW HITPOINT WARNING * * *
You block the demonic crawler's attack. You block the steelbarb worm's attack.
You are too berserk!
The barbs in your skin will harm you if you move.
Continue?
Okay, then.
You whack the demonic crawler! You burn the demonic crawler.
The demonic crawler is heavily wounded.
You block the demonic crawler's attack. The demonic crawler hits you!
* * * LOW HITPOINT WARNING * * *
The demonic crawler closely misses you. You block the steelbarb worm's attack.
You hit the demonic crawler. You burn the demonic crawler.
The demonic crawler is heavily wounded.
The demonic crawler closely misses you. You block the demonic crawler's attack.
The demonic crawler barely misses you. The steelbarb worm hits you!
* * * LOW HITPOINT WARNING * * *
Barbed spikes become lodged in your body.
The demonic crawler hits you but does no damage.
The demonic crawler hits you.
* * * LOW HITPOINT WARNING * * *
You block the demonic crawler's attack.
You are too berserk!
The barbs in your skin will harm you if you move.
Continue?
The steelbarb worm attacks as you move away!
You block the steelbarb worm's attack.
The barbed spikes dig painfully into your body as you move.
* * * LOW HITPOINT WARNING * * *
The demonic crawler hits you but does no damage.
You block the demonic crawler's attack. The demonic crawler hits you.
* * * LOW HITPOINT WARNING * * *
The steelbarb worm hits you but does no damage.
The steelbarb worm attacks as you move away!
You block the steelbarb worm's attack.
The barbed spikes dig painfully into your body as you move.
* * * LOW HITPOINT WARNING * * *
You feel a strong urge to attack something.
The demonic crawler hits you but does no damage.
You block the demonic crawler's attack. The demonic crawler hits you!
You die...

#.#.### .....#.
.#. ......s .?
....... ..
#^..### .#
##....## ..#
#......####..#
###.##..w....###
###.>@s.†"...#
###.......##
####.#....# ##
..## ... .. .


You could see a steelbarb worm and a demonic crawler.

Vanquished Creatures
  2 liches (Abyss:3)
  Rupert (Orc:2)
  2 tentacled starspawn (Abyss:3)
  Frances (D:14)
  A draconian monk (Abyss:3)
  An emperor scorpion (Spider:1)
  Louise (D:14)
  A ghost moth (Spider:1)
  A draconian stormcaller (Abyss:3)
  An orc warlord (Orc:2)
  A very ugly thing (Abyss:3)
  Azrael (D:14)
  A dire elephant (D:15)
  An eidolon (Abyss:3)
  A spark wasp (Abyss:3)
  2 entropy weavers (Spider:1)
  Harold (D:9)
  Josephine (Orc:2)
  A great orb of eyes (Abyss:3)
  The ghost of Satifyz the Destroyer, a journeyman DsEE of Vehumet (Lair:2)
  4 vault guards (D:14)
  Erolcha (D:10)
  9 hydras
  5 centaur warriors
  2 ogre magi (D:15)
  6 catoblepae
  12 two-headed ogres
  6 boulder beetles
  7 death yaks
  2 thrashing horrors (Abyss:3)
  A skyshark (Lair:4)
  2 tengu warriors (D:15)
  A dancing weapon (Abyss:3)
  4 orc high priests (Orc:2)
  Sonja (Lair:5)
  2 wretched stars (Abyss:3)
  A fire crab (Lair:5)
  6 skeletal warriors
  A death drake (Abyss:3)
  A quicksilver dragon simulacrum (Abyss:3)
  An orb spider (Spider:1)
  A steelbarb worm (Spider:1)
  2 lindwurms
  26 ugly things
  4 deep elf pyromancers
  6 orc knights
  A bunyip skeleton (Abyss:3)
  2 deep elf zephyrmancers (Abyss:3)
  6 orc sorcerers
  4 wolf spiders
  8 cyclopes
  9 manticores
  A moth of wrath (Spider:1)
  3 elephants
  5 black mambas
  3 torpor snails
  A demonic crawler (Spider:1)
  A smoke demon (Abyss:3)
  9 cane toads
  A centaur skeleton (Abyss:3)
  A gargoyle (D:12)
  3 rime drakes
  An orange demon (Abyss:3)
  2 unseen horrors
  2 efreet
  2 freezing wraiths (D:14)
  A yaktaur (D:11)
  8 komodo dragons
  2 tengu conjurers (D:14)
  2 ancient zymes (Abyss:3)
  10 trolls
  4 polar bears
  A hornet (D:10)
  7 tarantellas
  11 blink frogs
  10 raiju (Abyss:3)
  16 dream sheep (Lair:5)
  15 slime creatures
  A centaur simulacrum (D:14)
  A spriggan (Lair:1)
  10 wraiths
  A spriggan (shapeshifter) (D:15)
  5 jumping spiders (Spider:1)
  A culicivora (Spider:1)
  A vampire (Abyss:3)
  8 wyverns
  45 yaks
  4 basilisks
  5 fire elementals (D:14)
  2 chaos spawn (Abyss:3)
  A neqoxec (Abyss:3)
  4 redbacks (Spider:1)
  3 steam dragons
  8 vampire mosquitoes
  2 wargs
  19 water moccasins
  2 hell hounds (D:14)
  3 acid dragons
  38 orc warriors
  3 ice beasts
  5 black bears
  3 sky beasts
  14 ogres
  10 wolves
  4 centaurs
  A phantom (D:7)
  4 kobold brigands (Sewer)
  7 small abominations (Abyss:3)
  2 gnoll sergeants
  9 bullfrogs
  2 scorpions
  2 earth elementals (Abyss:3)
  5 wights
  11 killer bees
  An electric eel (D:9)
  3 howler monkeys
  2 crimson imps (Abyss:3)
  2 hounds
  22 orc priests
  24 starcursed masses (Abyss:3)
  A sleepcap (D:6)
  Natasha (thrice) (D:4)
  3 iguanas
  A scorpion zombie (D:4)
  30 orc wizards
  8 gnolls
  5 adders
  7 white imps
  An ufetubus (D:4)
  3 adder zombies (D:4)
  3 worms
  3 dart slugs
  102 orcs
  4 ball pythons
  7 endoplasms
  3 giant cockroaches
  8 hobgoblins
  15 jackals
  18 kobolds
  3 quokkas
  9 bats
  6 frilled lizards
  15 goblins
  6 rats
853 creatures vanquished.

Vanquished Creatures (collateral kills)
  A kobold brigand (D:8)
  A wight (D:9)
  An orc priest (D:11)
  An orc wizard (D:11)
  2 orcs
6 creatures vanquished.

Vanquished Creatures (others)
  An orc (D:9)
  15 fungi
  A lurking horror (Abyss:3)
  51 plants
  4 starspawn tentacles (Abyss:3)
72 creatures vanquished.

Grand Total: 931 creatures vanquished

Notes
Turn   | Place    | Note
-------+----------+-------------------------------------------
     0 | D:1      | enile the Armataur Fighter began the quest for the Orb.
     0 | D:1      | Reached XP level 1. HP: 19/19 MP: 1/1
    21 | D:1      | Reached skill level 4 in Armour
    61 | D:1      | Reached XP level 2. HP: 22/27 MP: 2/2
   601 | D:1      | Reached XP level 3. HP: 33/33 MP: 3/3
   610 | D:1      | Found a faded altar of an unknown god.
   621 | D:1      | Prayed at the altar of an unknown god.
   621 | D:1      | Became a worshipper of the Shining One
   621 | D:1      | Reached * piety under the Shining One
   901 | D:2      | Identified the +1 robe of the Morning {+Inv Dex+2}
  1218 | D:2      | Reached XP level 4. HP: 32/42 MP: 4/4
  1833 | D:3      | Found a glowing drain.
  1849 | Sewer    | Entered a sewer
  1867 | Sewer    | Noticed a kobold brigand
  1872 | Sewer    | Killed a kobold brigand
  1873 | Sewer    | Reached skill level 5 in Fighting
  1873 | Sewer    | Reached XP level 5. HP: 51/51 MP: 5/5
  2004 | Sewer    | Reached ** piety under the Shining One
  2013 | Sewer    | Reached XP level 6. HP: 14/60 MP: 6/6
  3286 | D:4      | Identified 2 scrolls of acquirement
  3296 | D:4      | Acquired the +0 pair of gloves "Ruch" {rPois rN+++ Will-
                  | Str+4}
  3303 | D:4      | Acquired the ring "Adghetito" {rElec rF+ rC+ Will- Str+2
                  | Int+3}
  3339 | D:4      | Noticed Natasha
  3356 | D:4      | Killed Natasha
  3443 | D:4      | Reached XP level 7. HP: 64/67 MP: 7/7
  3460 | D:4      | Found a basalt altar of Yredelemnul.
  3506 | D:4      | Noticed Natasha
  3512 | D:4      | Killed Natasha
  3572 | D:4      | Found Tibos's Weapon Shop.
  3896 | D:4      | Noticed Natasha
  3903 | D:4      | Killed Natasha
  4067 | D:5      | Entered Level 5 of the Dungeon
  4219 | D:5      | Found Jauluami's General Store.
  4239 | D:5      | Found Xiupporo's Weapon Shop.
  4376 | D:5      | Bought 2 potions of curing for 78 gold pieces
  4376 | D:5      | Bought a scroll of identify for 26 gold pieces
  4376 | D:5      | Bought a scroll of fear for 52 gold pieces
  4461 | D:5      | Reached *** piety under the Shining One
  4541 | D:5      | Found Vymmec's Distillery.
  4549 | D:5      | Bought a potion of heal wounds for 55 gold pieces
  4549 | D:5      | Bought a potion of mutation for 88 gold pieces
  4574 | D:5      | You fall into a shaft and drop 1 floor!
  4706 | D:6      | Reached skill level 5 in Shields
  4706 | D:6      | Reached skill level 1 in Invocations
  4711 | D:6      | Reached XP level 8. HP: 60/74 MP: 7/9
  5008 | D:6      | Reached skill level 5 in Invocations
  5033 | D:6      | Reached skill level 1 in Throwing
  5042 | D:6      | Found a glowing silver altar of Zin.
  5111 | D:6      | Learned a level 2 spell: Blink
  5374 | D:7      | Reached skill level 5 in Throwing
  5374 | D:7      | Reached skill level 1 in Evocations
  5374 | D:7      | Reached XP level 9. HP: 80/80 MP: 12/12
  5646 | D:7      | Reached skill level 5 in Evocations
  5675 | D:7      | Found a bloodstained altar of Trog.
  5852 | D:7      | Found a staircase to the Ecumenical Temple.
  6085 | Temple   | Entered the Ecumenical Temple
  6182 | Temple   | Fell from the grace of the Shining One
  6182 | Temple   | Became a worshipper of Cheibriados the Contemplative
  6591 | D:8      | Found a large runed translucent door.
  6596 | D:8      | Found a large runed translucent door.
  6601 | D:8      | Noticed a two-headed ogre
  6601 | D:8      | Noticed a centaur warrior
  6626 | D:8      | Found a radiant altar of Vehumet.
  6902 | D:8      | Found a sacrificial altar of Ru.
  6960 | D:8      | Found a large runed translucent door.
  6960 | D:8      | Found a large runed translucent door.
  7027 | D:8      | Reached skill level 1 in Translocations
  7035 | D:8      | Reached skill level 1 in Spellcasting
  7066 | D:8      | Noticed a cyclops
  7180 | D:8      | Noticed a centaur warrior
  7184 | D:8      | a centaur warrior changed into a tarantella
  7385 | D:9      | Reached skill level 5 in Armour
  7493 | D:9      | Noticed Harold
  7495 | D:9      | Reached XP level 10. HP: 88/88 MP: 14/14
  7512 | D:9      | Reached skill level 6 in Armour
  7813 | D:10     | Entered Level 10 of the Dungeon
  7903 | D:10     | Reached * piety under Cheibriados
  7904 | D:10     | Reached skill level 5 in Dodging
  7975 | D:10     | Noticed Erolcha
  7986 | D:10     | Killed Erolcha
  8227 | D:10     | Reached ** piety under Cheibriados
  8341 | D:10     | Found a staircase to the Orcish Mines.
  8573 | D:9      | Reached skill level 1 in Stealth
  8632 | D:9      | Acquired a manual of Armour
  8689 | D:9      | Killed Harold
  8690 | D:9      | Reached skill level 7 in Armour
  8706 | D:9      | Found an iron altar of Okawaru.
  8711 | D:9      | Found a stormy altar of Qazlal.
  9008 | D:10     | Reached skill level 8 in Armour
  9222 | D:10     | Paralysed by a hornet for 1 turns
  9253 | D:10     | Noticed a two-headed ogre
  9262 | D:10     | Killed a two-headed ogre
  9263 | D:10     | Reached XP level 11. HP: 76/97 MP: 15/15
  9416 | D:11     | Noticed a red ugly thing
  9786 | D:11     | Reached *** piety under Cheibriados
  9803 | D:11     | Noticed a two-headed ogre
  9812 | D:11     | Killed a two-headed ogre
  9842 | D:11     | Noticed a two-headed ogre
  9847 | D:11     | Killed a two-headed ogre
  9874 | D:11     | Killed a red ugly thing
  9953 | D:11     | Found a staircase to the Lair.
  9971 | D:11     | Noticed a deep elf pyromancer
  9974 | D:11     | Noticed a boulder beetle
 10028 | D:11     | Noticed a deep elf pyromancer
 10071 | D:11     | Killed a deep elf pyromancer
 10195 | D:8      | Killed a two-headed ogre
 10196 | D:8      | Killed a centaur warrior
 10201 | D:8      | Identified the +6 whip of Jeryblie {flame, rCorr}
 10648 | D:11     | Killed a deep elf pyromancer
 10654 | D:11     | Reached **** piety under Cheibriados
 10655 | D:11     | Reached skill level 10 in Fighting
 10679 | D:11     | Reached skill level 1 in Maces & Flails
 10715 | D:11     | Killed a boulder beetle
 10716 | D:11     | Reached XP level 12. HP: 76/113 MP: 11/16
 10830 | D:11     | Noticed a two-headed ogre
 10835 | D:11     | Killed a two-headed ogre
 11577 | Lair:1   | Entered Level 1 of the Lair of Beasts
 11653 | Lair:1   | Reached skill level 9 in Armour
 11908 | Lair:1   | Reached skill level 10 in Armour
 12154 | Lair:1   | Reached skill level 11 in Armour
 12218 | Lair:1   | Found a shadowy altar of Dithmenos.
 12305 | Lair:1   | Noticed a boulder beetle
 12321 | Lair:1   | Killed a boulder beetle
 12322 | Lair:1   | Reached skill level 12 in Armour
 12511 | Lair:2   | Found a runed translucent gate.
 12511 | Lair:2   | Found a runed translucent gate.
 12511 | Lair:2   | Found a runed translucent gate.
 12524 | Lair:2   | Noticed a death yak
 12530 | Lair:2   | Noticed Satifyz's ghost (journeyman DsEE)
 12578 | Lair:2   | Noticed a four-headed hydra
 12586 | Lair:2   | Killed a four-headed hydra
 12719 | Lair:2   | Found a staircase to the Shoals.
 13536 | Lair:3   | Noticed a six-headed hydra
 13543 | Lair:3   | Killed a six-headed hydra
 13544 | Lair:3   | Reached XP level 13. HP: 100/120 MP: 18/18
 13618 | Lair:3   | Reached skill level 10 in Throwing
 13824 | Lair:3   | Reached ***** piety under Cheibriados
 14525 | D:5      | Bought 6 javelins for 234 gold pieces
 14858 | Lair:3   | Found a hole to the Spider Nest.
 15471 | Lair:4   | Found a staircase to the Slime Pits.
 15811 | Lair:5   | Entered Level 5 of the Lair of Beasts
 15965 | Lair:5   | Identified the +4 rapier "Anighiowk" {drain, *Noise rF+
                  | Int+4 SInv}
 16221 | Lair:5   | Identified the +1 robe of Intuition {Rampage rF++ rCorr
                  | Str-4}
 16586 | Lair:5   | Reached XP level 14. HP: 68/134 MP: 20/20
 16969 | Lair:5   | Noticed Sonja
 16973 | Lair:5   | Killed Sonja
 16974 | Lair:5   | Reached skill level 10 in Invocations
 16986 | Lair:5   | Reached skill level 13 in Armour
 17086 | Lair:5   | Reached skill level 14 in Armour
 17723 | Orc:1    | Entered Level 1 of the Orcish Mines
 18101 | Orc:2    | Entered Level 2 of the Orcish Mines
 18101 | Orc:2    | Noticed Rupert
 18151 | Orc:2    | Killed Rupert
 18244 | Orc:2    | Reached ****** piety under Cheibriados
 18520 | Orc:2    | Found a staircase to the Elven Halls.
 18651 | Orc:2    | Reached skill level 10 in Evocations
 18669 | Orc:2    | Noticed an orc warlord
 18672 | Orc:2    | Reached skill level 15 in Armour
 18677 | Orc:2    | Killed an orc warlord
 18721 | Orc:2    | Reached skill level 16 in Armour
 18852 | Orc:2    | Found Hastribupp's Antique Armour Emporium.
 18854 | Orc:2    | Found Emustoze's Antique Weapon Shoppe.
 18856 | Orc:2    | Found Quez's General Store.
 18856 | Orc:2    | Found Atargh's Book Emporium.
 19102 | Orc:2    | Noticed Josephine
 19113 | Orc:2    | Killed Josephine
 19584 | D:12     | Got Rummopae's Textbook on Fey Transmigration
 19588 | D:12     | Learned a level 2 spell: Passwall
 19713 | D:13     | Reached XP level 15. HP: 141/141 MP: 22/22
 20188 | D:13     | Found a runed translucent gate.
 20188 | D:13     | Found a runed translucent gate.
 20189 | D:13     | Found a runed translucent gate.
 20190 | D:13     | Noticed an azure jelly
 20190 | D:13     | Noticed an azure jelly
 20191 | D:13     | Noticed an azure jelly
 20191 | D:13     | Noticed an azure jelly
 20191 | D:13     | Noticed an azure jelly
 20192 | D:13     | Noticed Fuilowk's ghost (journeyman MiFi)
 20192 | D:13     | Noticed an acid blob
 20192 | D:13     | Noticed an acid blob
 20192 | D:13     | Noticed an acid blob
 20193 | D:13     | Noticed an azure jelly
 20738 | D:13     | Found a viscous altar of Jiyva.
 20823 | D:14     | Found a runed translucent door.
 20950 | D:14     | Found an iron altar of Okawaru.
 20975 | D:14     | Noticed Louise
 20995 | Abyss:3  | Cast into level 3 of the Abyss (Louise)
 21061 | Abyss:3  | Paralysed by an orc sorcerer for 3 turns
 21111 | Abyss:3  | Gained mutation: Your body sometimes deteriorates upon
                  | taking damage. [a neqoxec]
 21205 | Abyss:3  | Found a corrupted altar of Lugonu.
 21234 | Abyss:3  | Paralysed by accursed screaming for 1 turns
 21302 | Abyss:3  | Found a corrupted altar of Lugonu.
 21329 | Abyss:3  | Noticed a tentacled starspawn
 21335 | Abyss:3  | Killed a tentacled starspawn
 21350 | D:14     | Escaped the Abyss
 21606 | D:14     | Found a gate to the Vaults.
 21615 | Abyss:3  | Cast into level 3 of the Abyss (Louise)
 21710 | Abyss:3  | Found a corrupted altar of Lugonu.
 21719 | Abyss:3  | Noticed a lich
 21721 | Abyss:3  | Paralysed by a great orb of eyes for 3 turns
 21736 | Abyss:3  | Killed a lich
 21765 | Abyss:3  | Noticed a lich
 21774 | Abyss:3  | Killed a lich
 21875 | Abyss:3  | Reached skill level 5 in Translocations
 21953 | D:14     | Escaped the Abyss
 21957 | D:14     | Noticed Azrael
 21962 | D:14     | Killed Azrael
 21969 | Abyss:3  | Cast into level 3 of the Abyss (Louise)
 22052 | Abyss:3  | Noticed a green draconian monk
 22075 | Abyss:3  | Killed a green draconian monk
 22179 | Abyss:3  | Reached XP level 16. HP: 103/148 MP: 25/25
 22186 | Abyss:3  | Noticed a tentacled starspawn
 22193 | Abyss:3  | Killed a tentacled starspawn
 22323 | Abyss:3  | Paralysed by accursed screaming for 1 turns
 22359 | Abyss:3  | HP: 1/148 [large abomination (27)]
 22362 | Abyss:3  | Noticed a bone dragon
 22370 | Abyss:3  | Found a corrupted altar of Lugonu.
 22373 | Abyss:3  | Found a corrupted altar of Lugonu.
 22375 | D:14     | Escaped the Abyss
 22512 | D:14     | Found the +10 tower shield of Ignorance {rN+ Int-4}
 22518 | D:14     | Found a runed translucent door.
 22562 | D:14     | Killed Louise
 22913 | D:14     | Noticed Frances
 22919 | D:14     | Killed Frances
 23187 | D:15     | Entered Level 15 of the Dungeon
 24010 | D:15     | Found a staircase to the Depths.
 24276 | Lair:2   | Killed Satifyz's ghost
 24290 | Lair:2   | Identified the +5 mace of Defenestration {venom, rN+}
 24362 | Spider:1 | Entered Level 1 of the Spider Nest
 24433 | Spider:1 | Reached skill level 1 in Earth Magic
 25107 | Spider:1 | Noticed Agnes
 25319 | Spider:1 | HP: 7/222 [barbs]
 25320 | Spider:1 | HP: 1/222 [barbs]
 25320 | Spider:1 | Mangled by a demonic crawler

Illustrated notes

Levels and vault maps discovered:
D:1:      minmay_arrival_diagonal_passages, layout_basic,
          ebering_ecumenical_altar_webs, serial_forest,
          infiniplex_forest_lined_room_2, infiniplex_forest_straight_1,
          infiniplex_forest_zigzag_1, infiniplex_forest_clump_small,
          infiniplex_forest_clump_medium, infiniplex_forest_straight_4,
          infiniplex_forest_corner_1, minmay_tall_x
D:2:      kennysheep_the_goblin_king, layout_basic
D:3:      layout_basic, cheibrodos_sewer_entry_sluice, kennysheep_another_room
D:4:      layout_loops_ring, nicolae_yredelemnul_corpse_copse, serial_shops,
          shop, chequers_jeans, kennysheep_generic_room_4, uniq_natasha
D:5:      layout_loops_cross, beargit_hepliaklqana_dungeon_heroes, serial_shops,
          shop, shop, nicolae_shop_hallway_plus,
          nicolae_shop_bloodbath_and_beyond, shop
D:6:      layout_basic, mainiacjoe_overflow_alcove_2,
          chequers_serial_rivers_micro_e
D:7:      minmay_evil_eye, layout_loops_ring, trog_three_pillars_becter,
          minmay_temple_entry_drinking_statues
D:8:      layout_basic, lemuel_doored_altar, nicolae_ru_path_of_blood,
          minmay_hollow_rounded_squares
D:9:      layout_basic, nicolae_overflow_squiral, uniq_harold
D:10:     layout_roguey, hiddenorc1_lemuel, uniq_erolcha
D:11:     layout_irregular_city, minmay_lair_entry_grove,
          minmay_fractal_squares_gapless_7
D:12:     layout_rooms
D:13:     minmay_razor_zed, layout_irregular_city, gammafunk_ghost_ooze
D:14:     layout_gridville, lightli_vaults_fourway_checkpoint,
          okawaru_gym_becter, chequers_guarded_unrand_ignorance, uniq_frances,
          uniq_louise, uniq_azrael
D:15:     hangedman_depths_entry_try_elsewhere_first, layout_rooms
Temple:   jpeg_temple_clearing
Lair:1:   layout_regular_city, basic_altar, grunt_forest_large_clearing_hut
Lair:2:   layout_loops_ring, shoals_dummy_entry, gammafunk_ghost_split
Lair:3:   layout_roguey, dummy_spider_entry
Lair:4:   layout_gridlike, slime_entry_1, grunt_megastairs_3
Lair:5:   evilmike_catoblepas_cave, layout_long_grid, minmay_shattered_shrine,
          serial_bayou_shore_a, lemuel_fruit_tree, uniq_sonja
Spider:1: layout_spider_delve, nicolae_spider_eight_legs, uniq_agnes
Spider:2: nicolae_spider_hilbert_zone_2 [nicolae_spider_hilbert_4_sides_1_open,
          nicolae_spider_hilbert_4_sides_1_open,
          nicolae_spider_hilbert_4_sides_1_open,
          nicolae_spider_hilbert_4_sides_1_open,
          nicolae_spider_hilbert_6_sides_1_open,
          nicolae_spider_hilbert_6_sides_1_open,
          nicolae_spider_hilbert_3_sides_1_open,
          nicolae_spider_hilbert_3_sides_1_open,
          nicolae_spider_hilbert_3_sides_1_open,
          nicolae_spider_hilbert_3_sides_1_open,
          nicolae_spider_hilbert_6_sides_1_open,
          nicolae_spider_hilbert_6_sides_1_open,
          nicolae_spider_hilbert_6_sides_1_open,
          nicolae_spider_hilbert_6_sides_1_open]
Orc:1:    layout_diamond_mine, basic_altar
Orc:2:    st_orc_congregation, layout_caves, uniq_josephine, uniq_rupert

Skill      XL: |  1  2  3  4  5  6  7  8  9 10 11 12 13 14 15 16 |
---------------+-------------------------------------------------+-----
Fighting       | 3 4 5 6 10 12 | 12.0
Armour         | 4 5 8 12 16 | 16.0
Dodging        | 2 3 4 5 6 8 |  8.0
Shields        | 5 8 9 |  9.0
Invocations    | 2 5 7 8 10 12 | 12.0
Throwing       | 5 7 9 10 13 | 13.0
Evocations     | 1 6 7 10 12 | 12.0
Translocations | 2 5 |  5.0
Spellcasting   | 3 4 |  4.0
Axes           | 4 |  4.0
Stealth        | 4 |  4.0
Maces & Flails | 2 4 |  4.0
Earth Magic    | 4 |  4.0

Action                     |  1- 3 |  4- 6 |  7- 9 | 10-12 | 13-15 | 16-18 || total
---------------------------+-------+-------+-------+-------+-------+-------++-------
  Melee: War axe           |   101 |   121 |   237 |   232 |       |       ||   691
         Tailslap          |    10 |    20 |    44 |    86 |   192 |   107 ||   459
         Whip              |       |       |       |   254 |   846 |   388 ||  1488
  Throw: Dart              |       |       |    28 |    40 |    51 |    24 ||   143
         Boomerang         |       |       |       |    28 |   175 |    25 ||   228
         Throwing net      |       |       |       |     1 |       |       ||     1
         Javelin           |       |       |       |       |    45 |    29 ||    74
   Cast: Blink             |       |       |       |     1 |       |     2 ||     3
 Invoke: Slouch            |       |       |       |     3 |    22 |     9 ||    34
         Temporal Distorti |       |       |       |       |       |     1 ||     1
  Evoke: Wand              |       |       |     5 |    29 |    13 |    17 ||    64
         Tin of tremorston |       |       |       |     4 |     7 |     4 ||    15
    Use: Potion            |       |     3 |     2 |     5 |     5 |     6 ||    21
         Scroll            |       |     8 |     9 |    20 |    14 |    11 ||    62
   Stab: Held in net/web   |       |       |       |     1 |       |       ||     1
         Invisible         |       |       |       |       |       |     5 ||     5
 Armour: Scale mail        |    41 |       |    85 |   105 |       |       ||   231
         Robe              |     9 |    38 |    11 |       |       |       ||    58
         Skin              |       |       |       |     3 |       |       ||     3
         Gold dragon scale |       |       |       |   124 |   353 |   185 ||   662
  Dodge: Dodged            |    47 |    51 |   119 |   175 |   247 |   131 ||   770
  Block: Buckler           |    27 |    27 |    73 |    52 |       |       ||   179
         Kite shield       |       |       |       |   218 |   674 |   303 ||  1195
         Tower shield      |       |       |       |       |       |    61 ||    61

Table legend: (Time is in decaauts)
 A = Elapsed time spent in this place.
 B = Non-inter-level travel time spent in this place.
 C = Inter-level travel time spent in this place.
 D = Time resting spent in this place.
 E = Time spent auto-exploring this place.
 F = Levels seen in this place.
 G = Mean time per level.
                   A        B        C        D        E       F      G
               +--------+--------+--------+--------+--------+-----+--------+
         Total |  34612 |  30801 |   3811 |    849 |  23154 |  29 | 1193.5 |
       Dungeon |  19679 |  17016 |   2663 |    475 |  12670 |  15 | 1311.9 |
        Temple |    116 |     95 |     21 |      0 |     82 |   1 |  116.0 |
          Lair |   9195 |   8358 |    837 |     94 |   7035 |   5 | 1839.0 |
   Spider Nest |   1289 |   1204 |     85 |     39 |    816 |   2 |  644.5 |
  Orcish Mines |   2438 |   2235 |    203 |    212 |   1463 |   2 | 1219.0 |
         Abyss |   1422 |   1422 |      0 |     29 |    814 |   3 |  474.0 |
         Sewer |    470 |    470 |      0 |      0 |    272 |   1 |  470.0 |
               +--------+--------+--------+--------+--------+-----+--------+

Top non-repeatable levels by time:
  Lair:5: 2664 daAuts
    D:10: 2159 daAuts
     D:8: 2096 daAuts
    D:13: 1960 daAuts
    D:14: 1943 daAuts
    D:11: 1923 daAuts
  Lair:3: 1773 daAuts
  Lair:1: 1625 daAuts
  Lair:4: 1589 daAuts
  Lair:2: 1543 daAuts
   Orc:2: 1427 daAuts
 Abyss:3: 1422 daAuts
     D:9: 1354 daAuts
Spider:1: 1287 daAuts
    D:12: 1086 daAuts
